 Dungeon Crawl Stone Soup version 0.30-a0-847-g17996783a1 (webtiles) character file.

Game seed: 1122337729912451877

17020 Pooter the Skirmisher (level 12, 0/159 HPs)
             Began as a Minotaur Berserker on Mar 3, 2023.
             Was a Priest of Trog.
             Slain by a troll (11 damage)
             ... led by Saint Roka
             ... on level 1 of the Orcish Mines.
             The game lasted 01:06:17 (11910 turns).

Pooter the Skirmisher (Minotaur Berserker)         Turns: 11910, Time: 01:06:17

Health: 0/159      AC: 17    Str: 23    XL:     12   Next: 15%
Magic:  11/11      EV: 12    Int:  6    God:    Trog [***...]
Gold:   981        SH:  0    Dex: 12    Spells: 11/11 levels left

rFire   . . .      SeeInvis .    D - +3 battleaxe (freeze)
rCold   . . .      Faith    .    (shield currently unavailable)
rNeg    . . .      Spirit   .    M - +1 plate armour
rPois   .          Reflect  .    (helmet restricted)
rElec   .          Rampage  .    h - +2 cloak {Stlth+}
rCorr   .                        O - +0 pair of gloves
Will    +++..                    I - +0 pair of boots Stlth
                                 y - amulet of the acrobat
HPRegen 1.46/turn                L - ring of willpower
MPRegen 0.12/turn                F - +5 ring of evasion

@: berserking, strong-willed, regenerating, very quick
A: horns 2, retaliatory headbutt
a: Renounce Religion, Berserk, Trog's Hand


You were on level 1 of the Orcish Mines.
You worshipped Trog.
Trog was most pleased with you.
You visited 2 branches of the dungeon, and saw 13 of its levels.

You collected 1098 gold pieces.
You spent 117 gold pieces at shops.

Inventory:

Hand Weapons
 a - a +4 dire flail of freezing
   (You took it off a wight on level 7 of the Dungeon)
 b - a +6 arbalest of draining
   (You took it off an orc knight on level 1 of the Orcish Mines)
 c - a +3 trident
   (You took it off a wight on level 7 of the Dungeon)
 n - a +2 vampiric hand axe
   (You found it on level 2 of the Dungeon)
 x - a +2 flail of venom
   (You took it off Edmund on level 6 of the Dungeon)
 A - a +0 morningstar
   (You found it on level 3 of the Dungeon)
 D - a +3 battleaxe of freezing (weapon)
   (You took it off a wight on level 7 of the Dungeon)
 E - a +4 battleaxe
   (You took it off a wight on level 6 of the Dungeon)
Missiles
 i - a curare-tipped dart
 k - 5 javelins
 m - 29 poisoned darts
 r - 6 silver javelins
 v - 6 datura-tipped darts
 C - 13 boomerangs (quivered)
 Q - 98 stones
Armour
 h - a +2 cloak of stealth (worn)
   (You took it off Crazy Yiuf on level 2 of the Dungeon)
 I - a +0 pair of boots (worn)
   (You found it on level 2 of the Dungeon)
 M - a +1 plate armour (worn)
   (You took it off an orc warrior on level 8 of the Dungeon)
 O - a +0 pair of gloves (worn)
   (You found it on level 9 of the Dungeon)
Jewellery
 y - an amulet of the acrobat (around neck)
   (You found it on level 6 of the Dungeon)
 F - a +5 ring of evasion (right hand)
   (You found it on level 7 of the Dungeon)
 L - a ring of willpower (left hand)
   (You found it on level 8 of the Dungeon)
 N - a ring of positive energy
   (You found it on level 6 of the Dungeon)
Wands
 f - a wand of flame (18)
   (You found it on level 8 of the Dungeon)
 B - a wand of charming (4)
   (You took it off an orc priest on level 9 of the Dungeon)
Scrolls
 e - a scroll of fear
 p - a scroll of magic mapping
 t - 4 scrolls of teleportation {@r4}
 w - 3 scrolls of vulnerability {!r}
 z - a scroll of fog
 H - a scroll of torment {!r}
Potions
 d - 5 potions of curing {@q1}
 j - a potion of heal wounds {@q2}
 l - a potion of flight {unknown}
 o - 3 potions of lignification {unknown}
 q - a potion of haste {@q3}
 s - a potion of magic {unknown}
 u - 2 potions of ambrosia {unknown}
 J - a potion of might {unknown}
 K - a potion of mutation {unknown}
 P - 3 potions of degeneration {unknown}
Miscellaneous
 g - a condenser vane
   (You found it on level 8 of the Dungeon)


   Skills:
 + Level 10.1 Fighting
 + Level 10.3(12.3) Axes
 * Level 11.0(12.7) Maces & Flails
 * Level 11.5 Ranged Weapons
 + Level 2.9 Armour
 - Level 2.1 Dodging
 + Level 7.0 Stealth
 + Level 4.0 Evocations


You had 11 spell levels left.
You didn't know any spells.
Your spell library was empty.

Dungeon Overview and Level Annotations

Branches:
Dungeon (11/15)            Temple (0/1) D:4            Lair (0/5) D:8
    Orc (2/2) D:11
    Elf: Orc:2

Altars:
Ashenzari
Cheibriados
Elyvilon
Fedhas
Gozag
Hepliaklqana
Kikubaaqudgha
Makhleb
Okawaru
Qazlal
Ru
Trog
Wu Jian
Xom
Zin

Shops:
D:1 *   D:5 :   D:9 *

Annotations:
D:9 3 runed translucent doors, kiwi3s's ghost, novice MiBe
Orc:2 Saint Roka


Innate Abilities, Weirdness & Mutations

You have a pair of horns on your head.
You reflexively headbutt those who attack you in melee.


Message History

The orc wizard gestures wildly while chanting.
The orc wizard flickers and vanishes!
Deactivating autopickup; reactivate with Ctrl-A.
The orc warrior hits you with a +0 dire flail!!
The orc knight roars a battlecry!
Saint Roka goes into a battle-frenzy!
The orc priest miscasts a cantrip.
The troll bites you.
The troll claws you but does no damage. x2
The orc closely misses you. The orc warrior barely misses you.
Saint Roka mumbles some strange prayers to Beogh against you.
Beogh smites you!
The orc warrior shouts!
You climb upwards.
Reactivating autopickup.
There is a stone staircase leading down, spattered with blood here.
A red film seems to cover your vision as you go berserk!
You feel yourself moving faster!
You feel mighty! The troll closely misses you. You furiously retaliate!
You headbutt the troll! The troll claws you! The troll closely misses you.
The orc closely misses you. You furiously retaliate!
You headbutt the orc!
You kill the orc!
Trog accepts your kill.
The orc priest hits you with a +0 flail!
The orc warrior misses you.
The orc knight hits you with a +2 great mace!!
* * * LOW HITPOINT WARNING * * *
You slash the orc knight! You freeze the orc knight.
You completely miss the troll. You slash the orc warrior!
You freeze the orc warrior. You barely miss the orc priest.
The troll bites you!
* * * LOW HITPOINT WARNING * * *
The troll claws you but does no damage. x2
The orc knight hits you with a +2 great mace!!
* * * LOW HITPOINT WARNING * * *
The orc priest hits you but does no damage.
The orc warrior closely misses you. You furiously retaliate!
You headbutt the orc warrior!
You kill the orc warrior!
Trog accepts your kill.
You slash the orc knight! You freeze the orc knight.
Your headbutt misses the orc knight. You slash the orc priest!
You freeze the orc priest.
You kill the orc priest!
Trog accepts your kill.
You barely miss the troll.
The orc knight hits you with a +2 great mace!
* * * LOW HITPOINT WARNING * * *
The troll barely misses you. You furiously retaliate!
You headbutt the troll! The troll claws you!
You die...

##....####..### #...
#......#......####..
##..............#....
##..##.......#...#..#.
###..#.#..)..###......##
#....#####....####...###
###....##...)#####.....# #####
#...[#...........#..##
#...###...)@T.....)))..##...
#....[.#..o)).###.....##....
####.....)##......#.)....###...
##............###.....##......##
#.....##.....###.#...#####.....#
##....#####)######..## ##...##
#......##.....###....#####.....#
###....##......#...#....#.......
###.........)....#............


You could see an orc knight (strong) and a troll.

Vanquished Creatures
  Snorg (D:10)
  A two-headed ogre (D:10)
  A sixfirhy (D:10)
  2 orc knights (Orc:1)
  A manticore (D:11)
  5 centaur zombies (D:11)
  2 gargoyles
  2 trolls (D:9)
  Prince Ribbit (D:8)
  A shadow (D:11)
  2 vampires (D:11)
  3 wraiths
  9 yaks (D:9)
  A wyvern (D:8)
  3 steam dragons
  2 vampire mosquitoes (D:11)
  Edmund (D:6)
  An acid dragon (D:9)
  2 water moccasins (D:8)
  20 orc warriors
  2 ice beasts
  A black bear (D:5)
  9 centaurs
  3 ogres
  2 kobold brigands
  8 bullfrogs
  4 scorpions
  32 wights
  10 killer bees
  6 howler monkeys
  Crazy Yiuf (D:2)
  A gnoll bouda (D:4)
  3 hounds (D:6)
  A jelly (D:5)
  4 sleepcaps
  10 orc priests
  6 iguanas
  16 orc wizards
  7 gnolls
  8 adders
  2 shadow imps
  A white imp (D:5)
  An ufetubus (D:4)
  A worm (D:3)
  4 dart slugs
  67 orcs
  4 ball pythons
  7 endoplasms
  2 giant cockroaches
  4 goblins
  10 hobgoblins
  8 kobolds
  5 quokkas
  3 bats
  A frilled lizard (D:1)
  4 rats
319 creatures vanquished.

Vanquished Creatures (collateral kills)
  A kobold brigand (D:10)
  3 kobolds (D:10)
4 creatures vanquished.

Vanquished Creatures (others)
  An orc (D:6)
  4 bushes (D:9)
  12 fungi (D:8)
  8 plants
  3 withered plants (D:11)
28 creatures vanquished.

Grand Total: 351 creatures vanquished

Notes
Turn   | Place    | Note
-------+----------+-------------------------------------------
     0 | D:1      | Pooter the Minotaur Berserker began the quest for the Orb.
     0 | D:1      | Reached XP level 1. HP: 19/19 MP: 0/0
   102 | D:1      | Found Sialiw's General Store.
   142 | D:1      | Reached XP level 2. HP: 27/27 MP: 1/1
   546 | D:1      | Bought a scroll of identify for 26 gold pieces
   735 | D:2      | Reached skill level 1 in Stealth
   776 | D:2      | Found a runed translucent door.
   777 | D:2      | Noticed Crazy Yiuf
   941 | D:2      | Reached ** piety under Trog
   942 | D:2      | Reached XP level 3. HP: 32/33 MP: 2/2
  1161 | D:2      | Reached skill level 5 in Axes
  1161 | D:2      | Reached XP level 4. HP: 41/41 MP: 3/3
  1206 | D:1      | Bought a scroll of identify for 26 gold pieces
  1813 | D:2      | Killed Crazy Yiuf
  2089 | D:3      | Reached XP level 5. HP: 47/47 MP: 4/4
  2160 | D:3      | Found a stormy altar of Qazlal.
  2501 | D:1      | Bought a potion of heal wounds for 65 gold pieces
  2681 | D:3      | Reached skill level 1 in Maces & Flails
  2681 | D:3      | Reached skill level 1 in Ranged Weapons
  2929 | D:4      | Found a staircase to the Ecumenical Temple.
  3158 | D:4      | Reached skill level 5 in Fighting
  3160 | D:4      | Reached XP level 6. HP: 56/56 MP: 5/5
  3596 | D:5      | Entered Level 5 of the Dungeon
  3763 | D:5      | Found Suychuty's Self-Improvement Boutique.
  3840 | D:5      | Reached XP level 7. HP: 61/61 MP: 6/6
  3945 | D:5      | Found an iron altar of Okawaru.
  4038 | D:5      | Found a broken altar of Ashenzari.
  4488 | D:6      | Reached *** piety under Trog
  4491 | D:6      | Noticed a steam dragon
  4556 | D:6      | Killed a steam dragon
  4633 | D:6      | Noticed a steam dragon
  4645 | D:5      | Reached skill level 5 in Maces & Flails
  4645 | D:5      | Reached XP level 8. HP: 70/70 MP: 7/7
  4749 | D:6      | Found a white marble altar of Elyvilon.
  4791 | D:6      | Reached skill level 5 in Ranged Weapons
  4917 | D:6      | Noticed Edmund
  4927 | D:6      | Killed Edmund
  5443 | D:7      | Found a sacrificial altar of Ru.
  5497 | D:7      | Reached XP level 9. HP: 76/78 MP: 8/8
  6254 | D:7      | Found an opulent altar of Gozag.
  6719 | D:8      | Reached skill level 5 in Stealth
  7030 | D:8      | Found a staircase to the Lair.
  7113 | D:8      | Found an ornate altar of the Wu Jian Council.
  7196 | D:8      | Found a runed translucent door.
  7284 | D:8      | Noticed Prince Ribbit
  7302 | D:8      | Killed Prince Ribbit
  7303 | D:8      | Reached XP level 10. HP: 79/88 MP: 9/9
  7671 | D:8      | Reached **** piety under Trog
  8032 | D:9      | Reached skill level 1 in Evocations
  8335 | D:9      | Found a bloodstained altar of Trog.
  8410 | D:9      | Found a glowing silver altar of Zin.
  8412 | D:9      | Found a shimmering altar of Xom.
  8422 | D:9      | Found a runed translucent gate.
  8423 | D:9      | Found a runed translucent gate.
  8423 | D:9      | Found an opulent altar of Gozag.
  8423 | D:9      | Noticed kiwi3s's ghost (novice MiBe)
  8424 | D:9      | Found a runed translucent gate.
  8424 | D:9      | Noticed a gargoyle
  8424 | D:9      | Noticed a cyclops
  8434 | D:9      | Killed a gargoyle
  8480 | D:9      | Reached XP level 11. HP: 12/97 MP: 10/10
  8773 | D:9      | Reached skill level 10 in Ranged Weapons
  8860 | D:9      | Found Apseos's Assorted Antiques.
  8918 | D:9      | Found an ancient bone altar of Kikubaaqudgha.
  8922 | D:9      | Found a blossoming altar of Fedhas.
  9170 | D:10     | Entered Level 10 of the Dungeon
  9194 | D:10     | Found a snail-covered altar of Cheibriados.
  9262 | D:10     | Found a runed translucent door.
  9264 | D:10     | Found a burning altar of Makhleb.
  9264 | D:10     | Noticed a sixfirhy
  9271 | D:10     | Killed a sixfirhy
  9465 | D:10     | Found a hazy altar of Hepliaklqana.
  9467 | D:10     | You fall into a shaft and drop 1 floor!
  9536 | D:11     | Reached skill level 10 in Maces & Flails
  9562 | D:10     | Noticed a two-headed ogre
  9566 | D:10     | Killed a two-headed ogre
  9945 | D:10     | Noticed Snorg
  9954 | D:10     | Killed Snorg
 10409 | D:11     | Reached skill level 10 in Axes
 10815 | D:11     | Found a staircase to the Orcish Mines.
 10934 | Orc:1    | Entered Level 1 of the Orcish Mines
 10959 | Orc:1    | Noticed an orc knight
 11041 | Orc:1    | Killed an orc knight
 11042 | Orc:1    | Reached skill level 10 in Fighting
 11042 | Orc:1    | Reached XP level 12. HP: 23/106 MP: 11/11
 11702 | Orc:2    | Entered Level 2 of the Orcish Mines
 11729 | Orc:2    | Noticed Saint Roka
 11910 | Orc:1    | Slain by a troll

Illustrated notes

Levels and vault maps discovered:
D:1:      dpeg_arrival_erosion, layout_basic, serial_shops, shop
D:2:      layout_basic, kennysheep_nondescript, uniq_crazy_yiuf_cottage
D:3:      minmay_general_purpose_star, layout_rooms,
          nicolae_qazlal_scattered_showers, kennysheep_generic_room_16
D:4:      layout_loops_ring, minmay_temple_entry_statues_fountains,
          minmay_stone_trees_medium
D:5:      layout_gridville, kennysheep_mini_moat, okawaru_ov_weapons_minmay,
          hangedman_abyss_or_decor_jellyfish_corner, nicolae_shop_self_help
D:6:      layout_rooms, mainiacjoe_overflow_concentric_impassable, hex_medium,
          corexii_leaking_fountain, uniq_edmund
D:7:      layout_basic, mainiacjoe_overflow_24_doors,
          nicolae_gozag_cash_rules_everything_around_me,
          minmay_misc_feat_more_columns
D:8:      layout_loops_corners, lemuel_tele_altar,
          grunt_lair_entry_orc_guard_hut, lightli_church_of_beogh,
          uniq_prince_ribbit1
D:9:      cheibrodos_barr_body, layout_rooms,
          grunt_temple_overflow_growth_and_decay,
          gammafunk_temple_overflow_forgotten, ebering_ghost_gozag,
          grunt_ministairs_9
D:10:     layout_roguey, cheibriados_altar_1, nzn_makhleb_speed_demon,
          nicolae_hepliaklqana_hazy_memory, uniq_snorg
D:11:     layout_cave_pools, orc_0_dummy, serial_undead, serial_undead_d,
          serial_undead_b, serial_undead_c, serial_undead_e
Orc:1:    cheibrodos_orc_bank, layout_diamond_mine
Orc:2:    grunt_orc_gardens, layout_diamond_mine, grunt_orc_garden,
          grunt_orc_garden, grunt_orc_garden, grunt_orc_garden,
          bh_open_orc_temple, uniq_saint_roka

Skill      XL: |  1  2  3  4  5  6  7  8  9 10 11 12 |
---------------+-------------------------------------+-----
Axes           | 4 5 6 8 9 10 | 10.3
Fighting       | 4 5 6 8 9 10 | 10.1
Stealth        | 1 2 3 4 5 6 7 |  7.0
Maces & Flails | 1 3 5 6 7 9 10 11 | 11.0
Ranged Weapons | 1 3 4 6 8 9 11 | 11.5
Evocations     | 2 3 4 |  4.0
Armour         | |  2.9
Dodging        | |  2.1

Action                     |  1- 3 |  4- 6 |  7- 9 | 10-12 || total
---------------------------+-------+-------+-------+-------++-------
  Melee: Hand axe          |    54 |    38 |       |       ||    92
         Headbutt          |     4 |     8 |    33 |    66 ||   111
         Morningstar       |       |    34 |    93 |       ||   127
         Punch             |       |     1 |     1 |       ||     2
         Battleaxe         |       |       |    68 |   133 ||   201
         Dire flail        |       |       |    14 |   187 ||   201
   Fire: Sling             |       |    21 |    79 |       ||   100
         Shortbow          |       |       |       |    64 ||    64
         Arbalest          |       |       |       |    35 ||    35
  Throw: Stone             |       |       |     2 |       ||     2
         Javelin           |       |       |     4 |       ||     4
         Dart              |       |       |     2 |       ||     2
         Boomerang         |       |       |       |    10 ||    10
 Invoke: Berserk           |     1 |     5 |     7 |    11 ||    24
         Trog's Hand       |       |     1 |     6 |    19 ||    26
    Use: Scroll            |     2 |     1 |     7 |    13 ||    23
         Potion            |       |       |       |     2 ||     2
 Armour: Chain mail        |    21 |    37 |   108 |    25 ||   191
         Animal skin       |     2 |       |       |       ||     2
         Plate armour      |       |       |       |   251 ||   251
  Dodge: Dodged            |    19 |    38 |   118 |   350 ||   525

Table legend: (Time is in decaauts)
 A = Elapsed time spent in this place.
 B = Non-inter-level travel time spent in this place.
 C = Inter-level travel time spent in this place.
 D = Time resting spent in this place.
 E = Time spent auto-exploring this place.
 F = Levels seen in this place.
 G = Mean time per level.
                   A        B        C        D        E       F      G
               +--------+--------+--------+--------+--------+-----+--------+
         Total |  12269 |  11757 |    512 |   3068 |   6451 |  13 |  943.8 |
       Dungeon |  11500 |  11031 |    469 |   2870 |   6159 |  11 | 1045.5 |
  Orcish Mines |    769 |    726 |     43 |    197 |    292 |   2 |  384.5 |
               +--------+--------+--------+--------+--------+-----+--------+

Top non-repeatable levels by time:
     D:8: 1460 daAuts
     D:2: 1270 daAuts
     D:7: 1233 daAuts
    D:11: 1162 daAuts
     D:9: 1146 daAuts
     D:5: 1041 daAuts
     D:6: 898 daAuts
    D:10: 887 daAuts
     D:4: 822 daAuts
     D:1: 808 daAuts
     D:3: 769 daAuts
   Orc:1: 759 daAuts
   Orc:2: 9 daAuts
